 Dungeon Crawl Stone Soup version 0.32-a0-814-g0968bab981 (webtiles) character file.

Game seed: 3819247319228557833

3937199 Konar the Conqueror (level 27, 224/224 HPs)
             Began as a Coglin Hunter on Mar 22, 2024.
             Was the Champion of Hepliaklqana.
             Escaped with the Orb
             ... and 6 runes!
             The game lasted 01:46:20 (78307 turns).

Konar the Conqueror (Coglin Hunter)                Turns: 78307, Time: 01:46:21

Health: 224/224    AC: 13    Str: 18    XL:     27
Magic:  35/35      EV: 39    Int: 10    God:    Hepliaklqana [******]
Gold:   5796       SH:  4    Dex: 31    Spells: 26/26 levels left

rFire   + . .        u - +2 hand cannon (flame) {Io}
rCold   + . .        d - +8 hand cannon (flame) {Servia}
rNeg    + . .        P - +1 ring mail "Didaecal" {rElec rF+ SInv}
rPois   +            p - -2 hat of the Alchemist {rElec rPois rF+ rC+ rN+ Will+ rMut rCorr}
rElec   +            (no cloak)
rCorr   +            o - +0 pair of fencer's gloves {Riposte Dex+3}
SInv    +            i - +2 pair of boots "Xuroysyr" {rPois Str+4}
Will    +++..        (amulet unavailable)
Stlth   +            (ring unavailable)
HPRegen 0.57/turn    (ring unavailable)
MPRegen 0.24/turn    M - neoactuated sprocket {rPois rCorr Slay+3 Clar RMsl}

%: repel missiles, clarity, resist mutation
@: studying Fire Magic
A: reduced essence, off-hand wielding, slow wielding, warmup strikes, no
jewellery, large bone plates 1, berserk 1, electricity resistance, heat
vulnerability 1
0: Orb of Zot
}: 6/15 runes: barnacled, slimy, silver, abyssal, demonic, gossamer
a: Renounce Religion, Recall Ancestor, Ancestor Identity, Transference, Idealise


You escaped.
You worshipped Hepliaklqana.
Hepliaklqana was exalted by your worship.
You visited 13 branches of the dungeon, and saw 57 of its levels.
You visited Pandemonium 1 time, and saw 3 of its levels.
You visited the Abyss 2 times.
You also visited: Trove, Sewer, Bailey, Ice Cave and Wizlab.

You collected 10111 gold pieces.
You spent 4315 gold pieces at shops.

Inventory:

Hand Weapons
 d - a +8 hand cannon of flaming (offhand) {Servia}
 u - a +2 hand cannon of flaming (weapon) {Io}
Armour
 c - a +0 leather armour
 i - the +2 pair of boots "Xuroysyr" (worn) {rPois Str+4}
   (You acquired it on level 3 of the Crypt)

   Str+4:     It affects your strength (+4).
   rPois:     It protects you from poison.
 o - the +0 pair of fencer's gloves (worn) {Riposte Dex+3}
   (You bought it in a shop on level 3 of the Vaults)

   Riposte:   It allows the wearer to riposte with melee weapons, swiftly
   retaliating against missed or blocked melee attacks.
   Dex+3:     It affects your dexterity (+3).
 p - the -2 hat of the Alchemist (worn) {rElec rPois rF+ rC+ rN+ Will+ rMut rCorr}
   (You acquired it in a bailey)

   rF+:       It protects you from fire.
   rC+:       It protects you from cold.
   rElec:     It insulates you from electricity.
   rPois:     It protects you from poison.
   rN+:       It protects you from negative energy.
   Will+:     It increases your willpower.
   rCorr:     It protects you from acid and corrosion.
   rMut:      It protects you from mutation.
 G - a +3 troll leather armour
 P - the +1 ring mail "Didaecal" (worn) {rElec rF+ SInv}
   (You found it on level 4 of the Shoals)

   rF+:       It protects you from fire.
   rElec:     It insulates you from electricity.
   SInv:      It lets you see invisible.
Gizmo
 M - a neoactuated sprocket (installed) {rPois rCorr Slay+3 Clar RMsl}
   (You invented it yourself on level 4 of the Lair of Beasts)

   [neoactuated sprocket]

   Slay+3:    It affects your accuracy & damage with ranged weapons and melee
   (+3).
   rPois:     It protects you from poison.
   Clar:      It protects you from confusion, rage, mesmerisation and fear.
   RMsl:      It protects you from missiles.
   rCorr:     It protects you from acid and corrosion.
Talismans
 C - a beast talisman
Wands
 s - a wand of digging (22)
 w - a wand of warping (115)
 x - a wand of paralysis (70)
 E - a wand of flame (158)
 I - a wand of mindburst (68)
 J - a wand of quicksilver (29)
Scrolls
 e - 5 scrolls of silence
 r - 6 scrolls of poison
 t - 5 scrolls of blinking
 v - 11 scrolls of vulnerability
 y - 5 scrolls of enchant armour
 A - 20 scrolls of teleportation
 B - 8 scrolls of revelation
 D - 7 scrolls of fog
 H - 5 scrolls of fear
 L - 3 scrolls of amnesia
 N - 42 scrolls of identify
 Q - 3 scrolls of brand weapon
 R - 6 scrolls of torment
 U - a scroll of immolation
 Y - 3 scrolls of summoning
Potions
 b - 13 potions of lignification
 f - 13 potions of might
 g - 8 potions of mutation
 h - 5 potions of invisibility
 j - 11 potions of enlightenment
 k - 25 potions of curing
 l - 15 potions of brilliance
 n - 2 potions of haste
 q - 4 potions of resistance
 z - 3 potions of berserk rage
 F - 10 potions of ambrosia
 K - 5 potions of attraction
 S - 15 potions of heal wounds
 X - 4 potions of cancellation
 Z - 4 potions of magic
Miscellaneous
 a - the horn of Geryon
 m - a condenser vane
 O - a box of beasts
 T - a lightning rod (4/4)
 V - a phantom mirror
 W - a phial of floods


   Skills:
 O Level 27 Fighting
 - Level 18.0 Ranged Weapons
 - Level 18.4 Armour
 O Level 27 Dodging
 - Level 0.7 Stealth
 + Level 16.3 Invocations
 O Level 27 Evocations


You had 26 spell levels left.
You didn't know any spells.
Your spell library contained the following spells:

 Spells                   Type           Power      Damage    Failure   Level
 Apportation              Tloc           0%         N/A       47%         1
 Foxfire                  Conj/Fire      0%         2x1d4     47%         1
 Kiss of Death            Conj/Necr      0%         2d5       47%         1
 Magic Dart               Conj           0%         1d3       47%         1
 Necrotise                Necr           0%         1d4       47%         1
 Sandblast                Erth           0%         2d4       47%         1
 Shock                    Conj/Air       0%         1d3       47%         1
 Slow                     Hex            0%         N/A       47%         1
 Sting                    Conj/Alch      0%         1d3       47%         1
 Summon Small Mammal      Summ           0%         N/A       47%         1
 Blink                    Tloc           0%         N/A       63%         2
 Call Imp                 Summ           0%         N/A       63%         2
 Cigotuvi's Dreadful Rot  Necr/Alch/Air  0%         N/A       63%         2
 Ensorcelled Hibernation  Hex/Ice        0%         N/A       63%         2
 Jinxbite                 Hex            0%         N/A       63%         2
 Lesser Beckoning         Tloc           0%         N/A       63%         2
 Momentum Strike          Conj/Tloc      0%         3d8       63%         2
 Searing Ray              Conj           0%         2d4       63%         2
 Static Discharge         Conj/Air       0%         3-3/arc   63%         2
 Call Canine Familiar     Summ           0%         N/A       85%         3
 Confusing Touch          Hex            0%         N/A       85%         3
 Dazzling Flash           Conj/Hex       0%         N/A       85%         3
 Frozen Ramparts          Ice            0%         1d1       85%         3
 Fugue of the Fallen      Necr           0%         N/A       85%         3
 Gell's Gravitas          Tloc           0%         N/A       85%         3
 Hailstorm                Conj/Ice       0%         3d5       85%         3
 Mephitic Cloud           Conj/Alch/Air  0%         N/A       85%         3
 Ozocubu's Armour         Ice            0%         N/A       85%         3
 Passwall                 Erth           0%         N/A       85%         3
 Sigil of Binding         Hex            0%         N/A       85%         3
 Stone Arrow              Conj/Erth      0%         3d7       85%         3
 Summon Ice Beast         Ice/Summ       0%         N/A       85%         3
 Swiftness                Air            0%         N/A       85%         3
 Teleport Other           Tloc           0%         N/A       85%         3
 Tukima's Dance           Hex            0%         N/A       85%         3
 Vampiric Draining        Necr           0%         2d6       85%         3
 Volatile Blastmotes      Fire/Tloc      0%         2d10      85%         3
 Airstrike                Air            0%         2d(0-16)  99%         4
 Anguish                  Hex/Necr       0%         N/A       99%         4
 Animate Armour           Summ/Erth      0%         N/A       99%         4
 Animate Dead             Necr           0%         N/A       99%         4
 Brom's Barrelling Bould  Conj/Erth      0%         2d3       99%         4
 Cause Fear               Hex            0%         N/A       99%         4
 Dimensional Bullseye     Hex/Tloc       0%         N/A       99%         4
 Dispel Undead            Necr           0%         3d6       99%         4
 Fulminant Prism          Conj/Alch      0%         3d5       99%         4
 Ignite Poison            Fire/Alch      0%         N/A       99%         4
 Iskenderun's Mystic Bla  Conj/Tloc      0%         2d3       99%         4
 Manifold Assault         Tloc           0%         N/A       99%         4
 Martyr's Knell           Necr/Summ      0%         N/A       99%         4
 Sticky Flame             Fire/Alch      0%         2d4       99%         4
 Summon Blazeheart Golem  Fire/Summ      0%         N/A       99%         4
 Summon Lightning Spire   Summ/Air       0%         N/A       99%         4
 Vhi's Electric Charge    Tloc/Air       0%         N/A       99%         4
 Alistair's Intoxication  Alch           0%         N/A       100%        5
 Arcjolt                  Conj/Air       0%         1d10      100%        5
 Borgnjor's Vile Clutch   Necr/Erth      0%         N/A       100%        5
 Curse of Agony           Necr           0%         N/A       100%        5
 Freezing Cloud           Conj/Ice/Air   0%         6-21      100%        5
 Lee's Rapid Deconstruct  Erth           0%         3d4*      100%        5
 Metabolic Englaciation   Hex/Ice        0%         N/A       100%        5
 Silence                  Hex/Air        0%         N/A       100%        5
 Summon Forest            Summ/Tloc      0%         N/A       100%        5
 Summon Mana Viper        Hex/Summ       0%         N/A       100%        5
 Bombard                  Conj/Erth      0%         9d1       100%        6
 Death Channel            Necr           0%         N/A       100%        6
 Eringya's Noxious Bog    Alch           0%         4d6       100%        6
 Permafrost Eruption      Ice/Erth       0%         2x4d2     100%        6
 Plasma Beam              Fire/Air       0%         2x1d10    100%        6
 Sculpt Simulacrum        Ice/Alch       0%         N/A       100%        6
 Starburst                Conj/Fire      0%         6d3       100%        6
 Enfeeble                 Hex            0%         N/A       100%        7
 Haunt                    Necr/Summ      0%         N/A       100%        7
 Malign Gateway           Summ/Tloc      0%         N/A       100%        7
 Monstrous Menagerie      Summ           0%         N/A       100%        7
 Orb of Destruction       Conj           0%         9d5       100%        7
 Ozocubu's Refrigeration  Ice            0%         4d7       100%        7
 Spellforged Servitor     Conj/Summ      0%         N/A       100%        7
 Summon Hydra             Summ           0%         N/A       100%        7
 Borgnjor's Revivificati  Necr           0%         N/A       100%        8
 Ignition                 Fire           0%         3d3       100%        8
 Maxwell's Capacitive Co  Air            0%         ∞         100%        8
 Summon Horrible Things   Summ           0%         N/A       100%        8
 Death's Door             Necr           0%         N/A       100%        9
 Polar Vortex             Ice            0%         N/A       100%        9


Dungeon Overview and Level Annotations

Branches:
Dungeon (15/15)            Temple (1/1) D:6            Lair (5/5) D:8
 Shoals (4/4) Lair:3       Spider (4/4) Lair:3        Slime (5/5) Lair:4
    Orc (2/2) D:10            Elf (3/3) Orc:2        Vaults (5/5) D:13
  Crypt (3/3) Vaults:3       Tomb (0/3) Crypt:3      Depths (4/4) D:15
   Hell (visited)             Dis (0/7) Hell            Geh (0/7) Hell
    Coc (0/7) Hell            Tar (0/7) Hell            Zot (5/5) Depths:4
  Sewer (visited)          Bailey (visited)           IceCv (visited)
 WizLab (visited)

Altars:
Ashenzari
Cheibriados
Dithmenos
Elyvilon
Fedhas
Gozag
Hepliaklqana
Kikubaaqudgha
Makhleb
Nemelex Xobeh
Okawaru
Qazlal
Ru
Sif Muna
Trog
Uskayaw
Vehumet
Wu Jian
Xom
Yredelemnul
Zin
The Shining One
Beogh
Jiyva
Lugonu

Shops:
D:6 *   D:8 !   Orc:1 !   Orc:2 [((=   Elf:1 *   Elf:2 (   Shoals:1 :
Shoals:3 !   Vaults:1 ?   Vaults:2 (   Vaults:3 [   Vaults:4 !   Depths:1 :=:
Depths:4 ?[![

Portals:
Hell: Depths:1 Depths:2 Depths:3 Depths:4
Abyss: Depths:3 Depths:4
Pandemonium: Depths:2
Ziggurat: Depths:2

Annotations:
D:9 3 runed translucent doors, fpsbossfight's ghost, journeyman GrAl
D:11 3 runed translucent doors
Orc:1 2 transporters


Innate Abilities, Weirdness & Mutations

Your life essence is reduced to manifest your ancestor. (-10% HP)
You can wield a second weapon in your off-hand.
It takes a long time for you to wield or remove held weapons.
Your first few attacks do less damage.
You cannot equip rings or amulets.
You are partially covered in large bone plates. (SH +4)
You sometimes lose your temper in combat.
You are resistant to electric shocks. (rElec)
You are vulnerable to heat. (rF-)


Message History

The slug hits the Brimstone Fiend but does no damage.
The Brimstone Fiend is lightly wounded.
Arma mumbles some strange words.
Arma seems to speed up.
You shoot a slug. The slug hits the Brimstone Fiend!!
The Brimstone Fiend is moderately wounded.
You shoot a slug. The slug hits the Brimstone Fiend!
The Brimstone Fiend is heavily wounded.
You shoot a slug. Arma avoids your attack.
The slug hits the Brimstone Fiend!!
The Brimstone Fiend is severely wounded.
You shoot a slug. Arma avoids your attack.
The slug hits the Brimstone Fiend but does no damage.
The Brimstone Fiend is severely wounded.
The Brimstone Fiend calls on the powers of darkness!
Your body is wracked with pain!
You shoot a slug. Arma avoids your attack.
The slug hits the Brimstone Fiend!!
The Brimstone Fiend is almost dead.
You shoot a slug. Arma avoids your attack.
The slug hits the Brimstone Fiend!!!
You kill the Brimstone Fiend!
No target in view!
No target in view!
There is an open door here.
There is a staircase leading out of the dungeon here.
You start resting.
Arma is no longer moving quickly.
HP restored.
You start waiting.
Done waiting.
You start waiting.
A hell beast comes into view.
Arma hits the hell beast with a +0 lajatang of freezing!!!
Arma freezes the hell beast!
The hell beast bites Arma!!
The hell beast tramples Arma but does no damage.
The hell beast bites Arma but does no damage.
The hell beast closely misses Arma.
Arma casts a spell at the hell beast.
The crystal spear hits the hell beast!!!
The hell beast dies!
You have escaped!

..........###.....#.........#
#..
......###.#.....###.........#
#..
)...#.#...#.###.###.........#
#.. ..###.#.#.#.#
#.....#.##########.
..#.......#.# #######.#
#.......
..###.#.#.#.#########.#
#.......
......................#
#.......
..#####################
#....... ..# #....# ##..@R.##
#....... ..####..#.#
#..###..# ###.......
..##.'....# #.......#
##......... .###.#..#.#
##.....## #..####....
.###.#....# ###'### #.##
#.#..
..##.###########.######.#
#....
........................#
#....
.########.########.######
#.... .#...#..#'#..#####.####
#....


You could see the friendly Arma the battlemage.

Vanquished Creatures
  the Royal Jelly (Slime:5)
  3 dread liches (Zot:5)
  2 orbs of fire (Zot:5)
  4 ancient liches
  Xtahua (Vaults:5)
  4 Killer Klowns (Zot:5)
  A pandemonium lord (D:10)
  A curse toe (Zot:5)
  Nikola (Vaults:1)
  A profane servitor (Abyss:3)
  Jory (Depths:3)
  8 golden dragons
  6 bone dragons
  3 electric golems
  A Brimstone Fiend (D:1)
  9 tentacled monstrosities
  21 Orb Guardians
  9 Ice Fiends
  3 titans (Vaults:5)
  2 shard shrike skeletons (Crypt:2)
  3 quicksilver dragons (Zot:5)
  15 acid blobs
  2 deep elf master archers (Elf:3)
  5 liches
  4 sphinxes
  A kraken (Shoals:3)
  3 deep elf blademasters (Elf:3)
  2 death cobs
  An Executioner (Pan)
  7 tentacled starspawn (Abyss:3)
  3 tengu reavers
  2 ancient champions (Crypt:2)
  Agnes (D:15)
  Kirke (D:15)
  9 storm dragons
  10 shadow dragons
  Aizul (Vaults:2)
  A fenstrider witch (WizLab)
  12 azure jellies
  A revenant (Crypt:2)
  10 rockslimes
  A draconian knight (Zot:1)
  2 protean progenitors
  A demonspawn warmonger (Pan)
  4 draconian monks
  7 ghost moths
  2 draconian shifters
  13 vault wardens
  2 iron dragons
  5 emperor scorpions
  5 fire giants
  5 deep elf sorcerers
  2 balrugs
  A deep elf elementalist (Elf:3)
  2 draconian scorchers
  10 frost giants
  3 curse skulls
  3 draconian annihilators
  An angel (Depths:2)
  4 orc warlords
  A broodmother (Spider:4)
  10 formless jellyfish
  3 reapers (Hell)
  12 ironbound preservers
  8 ghouls
  6 cacodemons
  15 quicksilver oozes
  3 demonspawn corrupters
  A spriggan defender (Depths:4)
  11 stone giants
  2 demonspawn blood saints (Pan)
  12 very ugly things
  6 deep elf death magi
  2 ironbound thunderhulks
  3 lorocyprocas (Pan)
  A putrid mouth (Hell)
  10 black draconians
  A wendigo (Hell)
  5 war gargoyles
  11 dire elephants
  4 vampire knights
  2 deep elf demonologists
  6 deep elf annihilators
  6 green draconians
  7 purple draconians
  6 red draconians
  Azrael (D:15)
  4 blizzard demons
  5 yellow draconians
  3 merfolk javelineers (Shoals:4)
  5 spark wasps
  2 crystal guardians (Crypt:3)
  11 white draconians
  3 iron golems (Hell)
  A quicksilver dragon zombie (Hell)
  6 deep elf high priests
  8 merfolk impalers
  6 ettins
  3 green deaths
  A great orb of eyes (shapeshifter) (Elf:3)
  2 spriggan zombies
  4 jiangshi
  3 fire dragons
  9 yaktaur captains
  27 vault guards
  4 ice dragons
  2 quicksilver dragon skeletons (Crypt:2)
  6 hydras
  9 great orbs of eyes
  A caustic shrike simulacrum (Hell)
  4 rakshasas
  3 spriggan air magi
  2 hell beasts
  3 radroaches
  A spriggan skeleton (Crypt:2)
  2 death knights
  11 ironbound frosthearts
  15 centaur warriors
  A jorogumo (Spider:3)
  2 merfolk aquamancers
  2 merfolk avatars
  Erica (D:11)
  A peacekeeper (Vaults:3)
  6 boulder beetles
  A fenstrider witch skeleton (Crypt:2)
  4 two-headed ogres
  4 tengu warriors
  22 dancing weapons
  3 deep troll shamans (Depths:2)
  2 alligator snapping turtles (Shoals:4)
  4 vampire magi
  6 deep troll earth magi
  4 satyrs
  2 spriggan berserkers
  7 soul eaters
  13 sun demons
  14 thrashing horrors
  11 deep elf knights
  16 hell knights
  3 orc high priests
  2 occultists
  6 demonic crawlers
  A crystal echidna (Abyss:3)
  Amaemon (D:11)
  Nergalle (Lair:3)
  11 sixfirhies
  A fire crab (shapeshifter) (Elf:3)
  12 wretched stars
  2 pharaoh ants
  2 shadow wraiths
  A bunyip zombie (Hell)
  A hellephant skeleton (Crypt:2)
  5 skysharks
  4 iron trolls
  8 sea snakes
  A death drake (Abyss:3)
  A shadow dragon zombie (Crypt:2)
  9 orb spiders
  8 arcanists
  2 anaconda zombies
  22 large abominations
  A sea snake (shapeshifter) (Vaults:5)
  11 ironbound convokers
  7 glowing orange brains
  A sun moth (shapeshifter) (Vaults:4)
  5 bog bodies
  2 flayed ghosts
  31 skeletal warriors
  An obsidian statue (Zot:5)
  8 deep elf archers
  3 shadow demons
  A sun moth (Spider:1)
  A tengu zombie (Vaults:3)
  A shining eye (shapeshifter) (Vaults:5)
  A steelbarb worm (Spider:1)
  An orange crystal statue (IceCv)
  An anaconda skeleton (Hell)
  30 deep trolls
  14 phantasmal warriors
  A thermic dynamo (Elf:2)
  2 obsidian bats
  20 deep elf pyromancers
  15 harpies
  A harpy (shapeshifter) (Vaults:5)
  10 necromancers
  12 orc knights
  2 lindwurms
  A will-o-the-wisp (Abyss:3)
  16 deep elf zephyrmancers
  7 cyclopes
  14 wolf spiders
  39 ugly things
  7 manticores
  5 shining eyes
  9 fauns
  17 moths of wrath
  5 elephants (Lair:5)
  3 oklob plants
  4 rust devils
  A toenail golem (Depths:4)
  6 meliai
  5 worldbinders
  3 black mambas (Lair:5)
  5 merfolk sirens
  4 water nymphs
  2 kobold blastminers (Orc:1)
  19 smoke demons
  2 apocalypse crabs (Abyss:3)
  An apis skeleton (Crypt:2)
  A stone giant skeleton (Crypt:2)
  19 vault sentinels
  Maggie (D:6)
  3 centaur zombies
  2 gargoyles
  16 cane toads
  3 centaur skeletons
  2 eyes of devastation
  A titan simulacrum (Crypt:2)
  3 torpor snails
  14 orange demons
  A cane toad (shapeshifter) (Abyss:1)
  An emperor scorpion simulacrum (Hell)
  2 alligator snapping turtle skeletons
  A kobold demonologist (D:11)
  An unseen horror (D:12)
  2 hellions
  A rime drake (shapeshifter) (D:15)
  2 komodo dragons
  A green draconian zombie (Crypt:1)
  A swamp worm zombie (Crypt:2)
  10 tormentors
  Jeremiah (D:7)
  4 dire elephant skeletons
  11 rime drakes
  29 yaktaurs
  An unseen horror skeleton (Crypt:1)
  4 freezing wraiths
  5 red devils
  3 efreet
  3 ice devils
  A minotaur skeleton (Crypt:2)
  8 ancient zymes
  2 anaconda simulacra
  2 harpy zombies (Crypt:3)
  A hellwing (Pan)
  A death yak skeleton (Crypt:1)
  A queen bee (shapeshifter) (Abyss:2)
  A hydra zombie (Crypt:3)
  32 merfolk
  4 hornets
  A queen bee (Abyss:3)
  A shadow dragon simulacrum (Hell)
  16 polar bears
  20 tarantellas
  6 snapping turtles
  8 trolls
  A glass eye (Slime:1)
  4 wind drakes
  18 blink frogs
  3 harpy skeletons
  2 ettin zombies
  9 raiju
  A hornet (shapeshifter) (D:15)
  5 dream sheep
  A stone giant simulacrum (Hell)
  A frost giant simulacrum (Vaults:2)
  A fire dragon zombie (Crypt:3)
  20 jumping spiders
  A dream sheep (shapeshifter) (Vaults:5)
  2 centaur simulacra
  A guardian serpent skeleton (Crypt:2)
  Sigmund (D:4)
  78 slime creatures
  22 culicivoras
  A vampire (Abyss:3)
  13 ynoxinuls
  An air elemental (Elf:1)
  2 shadows
  5 wyverns
  A dire elephant simulacrum (Hell)
  19 yaks
  A spriggan (Depths:4)
  2 hogs (D:15)
  3 wargs
  17 wraiths
  Eustachio (D:4)
  2 fire elementals (D:15)
  13 humans (D:13)
  54 redbacks
  14 water elementals
  2 steam dragons
  4 golden eyes (Slime:5)
  6 vampire mosquitoes
  Grum (D:11)
  15 neqoxecs
  18 starcursed masses
  6 chaos spawn
  5 basilisks
  A naga zombie (Crypt:2)
  A harpy simulacrum (Hell)
  10 water moccasins
  2 hell hounds
  A water nymph skeleton (Crypt:1)
  A black bear (D:6)
  34 orc warriors
  A two-headed ogre skeleton (Crypt:2)
  A fire dragon simulacrum (Hell)
  A lindwurm zombie (Crypt:2)
  4 sky beasts
  27 laughing skulls
  3 ogres
  4 ice beasts
  A black bear (shapeshifter) (Vaults:5)
  11 small abominations (Abyss:3)
  9 wolves
  4 boggarts
  A lindwurm skeleton (Crypt:1)
  16 centaurs
  3 phantoms (D:10)
  4 weeping skulls
  4 brain worms
  16 bullfrogs
  2 earth elementals
  A yaktaur zombie (Crypt:2)
  2 kobold brigands (D:8)
  A gnoll sergeant (D:8)
  4 scorpions
  A wyvern skeleton (Crypt:2)
  12 wights
  3 killer bees
  6 howler monkeys
  7 electric eels
  2 lava snakes (Lair:2)
  2 crimson imps
  2 quasits
  33 orc priests
  2 hounds
  3 iron imps
  11 jellies
  2 sleepcaps
  An iguana (D:7)
  Natasha (thrice) (D:2)
  Terence (D:2)
  31 orc wizards
  2 hell rats (Lair:2)
  A boggart zombie (Crypt:1)
  A statue (D:7)
  8 ogre zombies (D:10)
  18 gnolls
  4 adders
  A shadow imp (D:8)
  8 white imps
  3 ufetubi (Abyss:3)
  4 ribbon worms
  2 dart slugs
  94 orcs
  19 endoplasms
  11 giant cockroaches
  11 goblins
  11 hobgoblins
  3 jackals (D:3)
  3 quokkas
  6 ball pythons
  4 bats (D:1)
  5 frilled lizards
  4 gnoll skeletons (D:10)
  2 gnoll zombies (D:10)
  A goblin zombie (Crypt:1)
  8 kobolds
  3 orc skeletons (D:10)
  16 orc zombies (D:10)
  9 rats
  An aspiring flesh (Zot:1)
  A creeping inferno (Hell)
  2 fire vortices (Hell)
  2 lurking horrors (Abyss:3)
  7 starspawn tentacles
  A tentacle (Shoals:3)
2357 creatures vanquished.

Vanquished Creatures (collateral kills)
  Dissolution (Slime:1)
  Ignacio (Pan)
  A dread lich (Zot:5)
  An ancient lich (Zot:5)
  Frederick (Depths:4)
  Mennas (Depths:4)
  A juggernaut (Depths:1)
  A pandemonium lord (Pan)
  7 golden dragons
  Geryon (Hell)
  2 Brimstone Fiends (Pan)
  A Tzitzimitl (Pan)
  4 tentacled monstrosities
  A bone dragon (Abyss:3)
  2 electric golems (Zot:5)
  An Ice Fiend (Pan)
  6 Orb Guardians (Zot:5)
  2 titans (Vaults:5)
  12 acid blobs
  3 liches
  4 quicksilver dragons
  A walking frostbound tome (Depths:2)
  2 deep elf blademasters
  2 deep elf master archers (WizLab)
  The ghost of Twiddyhohoho the Bludgeoner, an adept TrWr of Ashenzari (Spider:1)
  7 tentacled starspawn
  2 death cobs
  A sphinx (Vaults:5)
  2 ancient champions (Crypt:2)
  8 storm dragons
  3 tengu reavers
  2 thorn hunters (WizLab)
  2 revenants (Crypt:2)
  Roxanne (Spider:1)
  A shadow dragon (Depths:4)
  3 draconian knights
  2 draconian monks (Depths:4)
  An azure jelly (Slime:5)
  A protean progenitor (Zot:3)
  2 draconian scorchers
  2 fenstrider witches (WizLab)
  A fire giant (Vaults:5)
  2 draconian shifters
  5 rockslimes
  2 emperor scorpions (Spider:4)
  8 vault wardens
  2 balrugs (Pan)
  2 frost giants
  Louise (Elf:3)
  4 deep elf elementalists
  2 deep elf sorcerers (Elf:3)
  An iron dragon (Depths:4)
  A ghoul (Crypt:2)
  2 ghost moths
  A draconian stormcaller (Zot:2)
  2 cacodemons
  5 stone giants
  3 quicksilver oozes
  3 draconian annihilators
  An orc warlord (Vaults:3)
  A demonspawn corrupter (Pan)
  4 formless jellyfish (Slime:5)
  2 reapers
  2 broodmothers
  12 ironbound preservers
  2 juggernaut skeletons
  2 caustic shrike skeletons (Crypt:2)
  A demonspawn blood saint (Pan)
  An ironbound thunderhulk (Vaults:3)
  2 vampire knights
  An elemental wellspring (Hell)
  12 very ugly things
  A starflower (Abyss:3)
  2 deep elf demonologists
  3 deep elf annihilators
  4 green draconians
  5 purple draconians
  3 war gargoyles
  4 deep elf death magi (Elf:1)
  3 lorocyprocas
  2 bunyips (Zot:5)
  4 spark wasps
  4 black draconians
  2 red draconians (Zot:3)
  6 dire elephants
  3 yellow draconians
  6 white draconians
  An iron golem (Hell)
  An eidolon (Crypt:1)
  3 fire dragons
  A crystal guardian (Crypt:3)
  2 green deaths
  8 merfolk impalers
  Josephine (D:11)
  4 spriggan zombies
  6 entropy weavers
  2 shambling mangroves (WizLab)
  A rakshasa (Abyss:2)
  4 ettins
  4 yaktaur captains
  2 deep elf high priests (Elf:3)
  A hydra (Lair:3)
  2 jiangshi
  6 great orbs of eyes
  A hell beast (D:1)
  An ogre mage (Vaults:5)
  6 vault guards
  3 peacekeepers
  2 ice dragons
  A merfolk aquamancer (Shoals:4)
  3 merfolk avatars
  12 centaur warriors
  A radroach (Spider:1)
  2 spriggan air magi (Depths:2)
  3 ironbound frosthearts
  A jorogumo (Spider:1)
  3 death yaks (Lair:5)
  14 dancing weapons
  3 orc high priests (Orc:2)
  A death knight (D:15)
  A deep troll shaman (Depths:2)
  2 vampire magi
  A boulder beetle (Vaults:3)
  A satyr (WizLab)
  2 hell hogs (Hell)
  A deep troll earth mage (Depths:2)
  3 tengu warriors
  A spriggan berserker (Depths:2)
  5 demonic crawlers
  A naga sharpshooter (WizLab)
  6 hell knights
  A thrashing horror (Abyss:3)
  7 sun demons
  5 deep elf knights (Elf:2)
  3 soul eaters
  3 iron trolls
  2 skysharks (Lair:5)
  2 sixfirhies
  A cherub (D:11)
  6 wretched stars
  A shadow wraith (Crypt:2)
  3 pharaoh ants
  3 arcanists
  20 skeletal warriors
  A storm dragon skeleton (Crypt:2)
  22 deep trolls
  7 orb spiders
  A bog body (Crypt:2)
  2 sun moths
  3 death drakes (Depths:4)
  2 phantasmal warriors
  A flayed ghost (Crypt:1)
  A mana viper (shapeshifter) (Vaults:5)
  A swamp dragon (shapeshifter) (Depths:3)
  2 deep elf archers (Elf:1)
  4 glowing orange brains
  2 steelbarb worms
  8 deep elf pyromancers
  2 lindwurms
  An anaconda skeleton (Abyss:2)
  8 harpies
  7 necromancers
  6 orc knights
  13 wolf spiders
  2 ironbound convokers
  17 ugly things
  2 fauns
  5 manticores
  7 deep elf zephyrmancers
  A shining eye (Slime:1)
  2 cyclopes
  4 worldbinders
  A jorogumo skeleton (Crypt:1)
  2 elephants (Lair:5)
  4 meliai
  5 moths of wrath
  3 merfolk sirens (Shoals:4)
  2 rust devils
  7 vault sentinels
  A torpor snail (Spider:2)
  A black mamba (Lair:5)
  3 water nymphs (Shoals:4)
  An eye of devastation (Slime:1)
  4 orange demons
  5 smoke demons
  6 large abominations
  3 rime drakes (IceCv)
  A black draconian zombie (Crypt:1)
  2 cane toads
  4 tormentors
  2 yaktaurs
  2 komodo dragons (Lair:4)
  2 efreet (D:15)
  A red devil (Hell)
  4 ancient zymes
  4 wind drakes
  2 hellwings
  5 merfolk
  14 tarantellas
  4 polar bears
  A harpy zombie (Hell)
  A tyrant leech (Lair:5)
  4 hornets
  A harpy skeleton (Abyss:3)
  5 blink frogs
  A glass eye (Depths:3)
  10 raiju (Abyss:3)
  A snapping turtle (shapeshifter) (Depths:2)
  2 dream sheep
  6 jumping spiders
  2 air elementals
  A centaur simulacrum (Hell)
  43 slime creatures
  2 ynoxinuls
  A shadow (D:11)
  A spriggan (Depths:2)
  12 culicivoras
  6 water elementals
  7 humans (D:13)
  8 yaks
  3 wraiths
  7 starcursed masses (Abyss:3)
  A fire elemental (D:15)
  2 basilisks
  A warg (Elf:2)
  A neqoxec (Abyss:3)
  12 redbacks
  2 vampire mosquitoes
  A chaos spawn (Abyss:3)
  A water moccasin (Lair:5)
  3 hell hounds
  4 orc warriors
  18 laughing skulls
  7 small abominations
  4 wolves
  2 centaurs (D:14)
  2 ogres
  2 weeping skulls (Abyss:3)
  A brain worm (Abyss:3)
  3 bullfrogs
  An earth elemental (Elf:2)
  A quasit (Abyss:3)
  2 orc priests (Orc:2)
  An iron imp (Abyss:3)
  An orc wizard (Orc:2)
  5 hell rats (Lair:2)
  An ufetubus (Abyss:3)
  6 orcs
  2 fire vortices (Hell)
  8 starspawn tentacles
  A tentacle (Shoals:3)
879 creatures vanquished.

Vanquished Creatures (others)
  A shadow dragon (Vaults:5)
  A soul eater (Hell)
  A lindwurm (Vaults:1)
  A necromancer (Hell)
  A smoke demon (Hell)
  A merfolk (Shoals:4)
  A hornet (Depths:2)
  A human (D:15)
  A small abomination (Abyss:3)
  57 battlemagi
  A spectral orc (D:14)
  2 creeping infernos (Hell)
  13 starspawn tentacles
  6 tentacles (Shoals:3)
88 creatures vanquished.

Grand Total: 3324 creatures vanquished

Notes
Turn   | Place    | Note
-------+----------+-------------------------------------------
     0 | D:1      | Konar the Coglin Hunter began the quest for the Orb.
     0 | D:1      | Reached XP level 1. HP: 16/16 MP: 1/1
    81 | D:1      | Reached XP level 2. HP: 22/22 MP: 2/2
   647 | D:1      | Reached XP level 3. HP: 27/27 MP: 3/3
   831 | D:2      | Noticed Natasha
   833 | D:2      | Killed Natasha
   834 | D:2      | Reached skill level 5 in Ranged Weapons
   834 | D:2      | Reached XP level 4. HP: 33/33 MP: 4/4
   850 | D:2      | Noticed Terence
   856 | D:2      | Killed Terence
   866 | D:2      | Noticed Natasha
   873 | D:2      | Killed Natasha
   874 | D:2      | Reached XP level 5. HP: 15/38 MP: 5/5
   953 | D:2      | Found the amulet of Elemental Vulnerability {rPois rF--
                  | rC-- AC+8}
   995 | D:2      | Noticed Natasha
   998 | D:2      | Killed Natasha
  1153 | D:2      | Found a faded altar of an unknown god.
  1551 | D:3      | Found a glowing drain.
  1555 | Sewer    | Entered a sewer
  1620 | Sewer    | Reached XP level 6. HP: 44/44 MP: 6/6
  1702 | Sewer    | Found a viscous altar of Jiyva.
  2368 | D:4      | Noticed Eustachio
  2375 | D:4      | Killed Eustachio
  2376 | D:4      | Reached XP level 7. HP: 50/50 MP: 7/7
  2597 | D:4      | Noticed Sigmund
  2603 | D:4      | Killed Sigmund
  2869 | D:4      | Found a glowing golden altar of the Shining One.
  2955 | D:4      | Found a sparkling altar of Nemelex Xobeh.
  3002 | D:5      | Entered Level 5 of the Dungeon
  3134 | D:5      | Reached XP level 8. HP: 56/56 MP: 8/8
  3770 | D:5      | Found a hide-covered altar of Uskayaw.
  3883 | D:6      | Found a staircase to the Ecumenical Temple.
  3924 | D:6      | Reached skill level 10 in Ranged Weapons
  4024 | D:6      | Noticed Maggie
  4383 | Temple   | Entered the Ecumenical Temple
  4429 | D:6      | Killed Maggie
  4430 | D:6      | Reached XP level 9. HP: 34/61 MP: 9/9
  4696 | D:6      | Found Doguledo's General Store.
  4704 | D:6      | Bought a potion of resistance for 130 gold pieces
  4704 | D:6      | Bought a potion of cancellation for 104 gold pieces
  4808 | D:6      | Found an ancient bone altar of Kikubaaqudgha.
  5009 | D:6      | Found a shadowy altar of Dithmenos.
  5350 | D:7      | Found a flagged portal.
  5434 | Bailey   | Entered a bailey
  5636 | Bailey   | Noticed an orc high priest
  5771 | Bailey   | Acquired the -2 hat of the Alchemist {rElec rPois rF+ rC+
                  | rN+ Will+ rMut rCorr}
  5771 | Bailey   | Found the -2 hat of the Alchemist {rElec rPois rF+ rC+ rN+
                  | Will+ rMut rCorr}
  5972 | D:7      | Reached XP level 10. HP: 67/67 MP: 10/10
  6039 | D:7      | Noticed Jeremiah
  6047 | D:7      | Killed Jeremiah
  6094 | D:7      | Found a radiant altar of Vehumet.
  6615 | D:8      | Found Ziohom's Distillery.
  6639 | D:8      | Bought a potion of haste for 110 gold pieces
  6639 | D:8      | Bought a potion of mutation for 88 gold pieces
  6639 | D:8      | Bought a potion of brilliance for 44 gold pieces
  6990 | D:8      | Noticed a centaur warrior
  6992 | D:8      | Noticed a tengu warrior
  6993 | D:8      | Reached skill level 5 in Fighting
  6998 | D:8      | Killed a centaur warrior
  6999 | D:8      | Reached XP level 11. HP: 48/81 MP: 11/11
  7005 | D:8      | Killed a tengu warrior
  7248 | D:8      | Noticed a cyclops
  7255 | D:8      | Killed a cyclops
  7543 | D:8      | Found a staircase to the Lair.
  8078 | D:9      | Found an iron altar of Okawaru.
  8134 | D:9      | Found a hazy altar of Hepliaklqana.
  8134 | D:9      | Found a snail-covered altar of Cheibriados.
  8136 | D:9      | Found a sacrificial altar of Ru.
  8137 | D:9      | Found a white marble altar of Elyvilon.
  8142 | D:9      | Became a worshipper of Hepliaklqana the Forgotten
  8170 | D:9      | Reached skill level 5 in Dodging
  8230 | D:9      | Found a runed translucent gate.
  8230 | D:9      | Found a runed translucent gate.
  8230 | D:9      | Found a runed translucent gate.
  8233 | D:9      | Noticed fpsbossfight's ghost (journeyman GrAl)
  8329 | D:9      | Found a shimmering blue altar of Sif Muna.
  8513 | D:10     | Entered Level 10 of the Dungeon
  8640 | D:10     | Noticed a cyclops
  8653 | D:10     | Killed a cyclops
  8753 | D:10     | Found a staircase to the Orcish Mines.
  8805 | D:10     | Found a bloodstained altar of Trog.
  9476 | D:11     | You fall into a shaft and drop 1 floor!
  9487 | D:12     | Reached * piety under Hepliaklqana
  9526 | D:11     | Noticed Grum
  9526 | D:11     | Noticed Josephine
  9908 | D:11     | Reached skill level 10 in Fighting
  9908 | D:11     | Reached XP level 12. HP: 28/87 MP: 12/12
 10076 | D:11     | Found a runed translucent gate.
 10076 | D:11     | Found a runed translucent gate.
 10076 | D:11     | Found a runed translucent gate.
 10083 | D:11     | Noticed a two-headed ogre
 10088 | D:11     | Killed a two-headed ogre
 10258 | D:11     | Noticed Erica
 10268 | D:11     | Killed Erica
 10396 | D:11     | Noticed Amaemon
 10408 | D:11     | Killed Amaemon
 10647 | D:11     | Killed Grum
 10675 | D:11     | Killed Josephine
 11193 | D:12     | Noticed a boulder beetle
 11208 | D:12     | Killed a boulder beetle
 11304 | D:12     | Reached ** piety under Hepliaklqana
 11305 | D:12     | Remembered your ancestor Arma as a battlemage
 11676 | Lair:1   | Entered Level 1 of the Lair of Beasts
 12577 | Lair:2   | Noticed a seven-headed hydra
 12598 | Lair:2   | Killed a seven-headed hydra
 12599 | Lair:2   | Reached XP level 13. HP: 80/98 MP: 13/13
 12648 | Lair:2   | Reached *** piety under Hepliaklqana
 13564 | Lair:3   | Found a hole to the Spider Nest.
 13736 | Lair:3   | Noticed Nergalle
 13742 | Lair:3   | Killed Nergalle
 13989 | Lair:3   | Found a staircase to the Shoals.
 14689 | Lair:4   | Reached skill level 10 in Dodging
 14801 | Lair:4   | Found a viscous altar of Jiyva.
 14803 | Lair:4   | Found a staircase to the Slime Pits.
 14851 | Lair:4   | Reached skill level 15 in Fighting
 14872 | Lair:4   | Reached **** piety under Hepliaklqana
 15248 | Lair:5   | Entered Level 5 of the Lair of Beasts
 15422 | D:8      | Bought a potion of experience for 550 gold pieces
 15422 | D:8      | Bought a potion of attraction for 33 gold pieces
 15422 | D:8      | Bought a potion of ambrosia for 88 gold pieces
 15588 | Lair:5   | Reached XP level 14. HP: 88/110 MP: 9/14
 15646 | Lair:4   | Acquired a neoactuated sprocket {rPois rCorr Slay+3 Clar
                  | RMsl}
 15647 | Lair:4   | Reached skill level 5 in Invocations
 15647 | Lair:4   | Reached XP level 15. HP: 116/116 MP: 14/18
 17070 | Orc:1    | Entered Level 1 of the Orcish Mines
 17163 | Orc:1    | Found a transporter.
 17179 | Orc:1    | Found a roughly hewn altar of Beogh.
 17179 | Orc:1    | Found a transporter.
 17257 | Orc:1    | Found Turil's Distillery.
 17268 | Orc:1    | Bought a potion of haste for 100 gold pieces
 17396 | Orc:1    | Found a shimmering altar of Xom.
 17555 | Orc:2    | Entered Level 2 of the Orcish Mines
 18120 | Orc:2    | Found a staircase to the Elven Halls.
 18212 | Orc:2    | Found Myps's Antique Armour Shoppe.
 18215 | Orc:2    | Found Qaheg's Weapon Emporium.
 18216 | Orc:2    | Found Borghobi's Jewellery Shoppe.
 18217 | Orc:2    | Found Suogu's Antique Weapon Shoppe.
 18635 | D:13     | Reached XP level 16. HP: 126/126 MP: 22/22
 18874 | D:13     | Reached ***** piety under Hepliaklqana
 19137 | D:13     | Found a gate to the Vaults.
 19442 | D:14     | Found a stormy altar of Qazlal.
 19858 | D:14     | Found a hazy altar of Hepliaklqana.
 20281 | D:15     | Entered Level 15 of the Dungeon
 20478 | D:15     | Found an ornate altar of the Wu Jian Council.
 20708 | D:15     | Found a staircase to the Depths.
 20908 | D:15     | Reached skill level 10 in Invocations
 20975 | D:15     | Noticed Agnes
 20990 | D:15     | Killed Agnes
 21145 | D:15     | Noticed Azrael
 21160 | D:15     | Killed Azrael
 21175 | D:15     | Found a blossoming altar of Fedhas.
 21510 | D:15     | Noticed Kirke
 21516 | D:15     | Killed Kirke
 21949 | Shoals:1 | Entered Level 1 of the Shoals
 22182 | Shoals:1 | Reached XP level 17. HP: 135/135 MP: 24/24
 22320 | Shoals:1 | Found Cingucut's Book Boutique.
 23253 | Shoals:3 | Noticed a kraken
 23269 | Shoals:3 | Killed a kraken
 23689 | Shoals:3 | Identified the ring "Niofad Qeo" {Ice rPois rN+ Will+
                  | Int+4}
 23853 | Shoals:3 | Found Exzowuta's Distillery.
 23861 | Shoals:3 | Bought a potion of resistance for 210 gold pieces
 23861 | Shoals:3 | Bought a potion of heal wounds for 105 gold pieces
 24166 | Shoals:3 | Noticed a tentacled monstrosity
 24172 | Shoals:3 | Killed a tentacled monstrosity
 24221 | Shoals:3 | Got Tagam's Book of Mad Ravings
 24273 | Shoals:4 | Entered Level 4 of the Shoals
 24582 | Shoals:4 | Identified the +1 ring mail "Didaecal" {rElec rF+ SInv}
 24925 | Shoals:4 | Reached XP level 18. HP: 48/147 MP: 25/25
 25184 | Shoals:4 | Got a barnacled rune of Zot
 25555 | Shoals:4 | Identified the amulet "Beungo" {Acrobat Fly}
 25661 | Spider:1 | Entered Level 1 of the Spider Nest
 25841 | Spider:1 | Found a large runed translucent door.
 25841 | Spider:1 | Found a large runed translucent door.
 25854 | Spider:1 | Noticed Roxanne
 25870 | Spider:1 | Killed Roxanne
 26025 | Spider:1 | Noticed Twiddyhohoho's ghost (adept TrWr)
 26254 | Spider:1 | Killed Twiddyhohoho's ghost
 26396 | Spider:1 | Reached skill level 1 in Evocations
 27153 | Spider:2 | Reached skill level 5 in Evocations
 27298 | Spider:2 | Reached skill level 15 in Dodging
 27968 | Spider:3 | Reached XP level 19. HP: 156/156 MP: 26/26
 28503 | Spider:4 | Entered Level 4 of the Spider Nest
 29207 | Spider:4 | Reached skill level 10 in Evocations
 30070 | Spider:4 | Got a gossamer rune of Zot
 30472 | Elf:1    | Entered Level 1 of the Elven Halls
 30478 | Elf:1    | Found a glacial archway.
 30492 | IceCv    | Entered an ice cave
 31815 | Elf:1    | Found Gamaxt's Assorted Antiques.
 31818 | Elf:1    | Bought a glowing sling for 139 gold pieces
 31833 | Elf:1    | Reached XP level 20. HP: 165/165 MP: 27/27
 31833 | Elf:1    | Reached XP level 21. HP: 171/171 MP: 28/28
 32363 | Elf:1    | Got the Anthology of Wounds and the Wayfarer
 32396 | Elf:1    | Identified the +0 pair of gloves "Eshrubaer" {Rampage
                  | ^Drain rPois Str-4}
 32703 | Elf:2    | Found Itaonef's Antique Weapon Shoppe.
 32720 | Elf:2    | Found a magical portal.
 32730 | WizLab   | Entered Eringya's Formal Garden
 33158 | WizLab   | Reached skill level 15 in Evocations
 33411 | WizLab   | Found a blossoming altar of Fedhas.
 33681 | WizLab   | Got Eringya's Guidebook on the Hornet
 34112 | Elf:2    | Got the Disquisition on Sidekicks
 34217 | Elf:2    | Found a runed translucent gate.
 34218 | Elf:2    | Found a runed translucent gate.
 34218 | Elf:2    | Found a runed translucent gate.
 35309 | Vaults:1 | Entered Level 1 of the Vaults
 35655 | Vaults:1 | Reached XP level 22. HP: 180/180 MP: 29/29
 35727 | Vaults:1 | Found Wopyopt's Magic Scroll Boutique.
 35732 | Vaults:1 | Bought a scroll of blinking for 150 gold pieces
 35732 | Vaults:1 | Bought a scroll of silence for 190 gold pieces
 35833 | Vaults:1 | Noticed Nikola
 35847 | Vaults:1 | Killed Nikola
 37479 | Vaults:1 | Found a portal to a secret trove of treasure.
 39003 | Vaults:2 | Found Vanum's Weapon Shop.
 39059 | Vaults:2 | Identified the serpent talisman of the Kettle-Drum {rElec
                  | Int+2}
 39059 | Vaults:2 | Noticed Aizul
 39065 | Vaults:2 | Killed Aizul
 39454 | Vaults:3 | Found Dutiups's Armour Boutique.
 39462 | Vaults:3 | Bought the +0 pair of fencer's gloves {Riposte Dex+3} for
                  | 520 gold pieces
 39462 | Vaults:3 | Found the +0 pair of fencer's gloves {Riposte Dex+3}
 39527 | Vaults:3 | Reached XP level 23. HP: 180/188 MP: 30/30
 39790 | Vaults:3 | Reached skill level 15 in Ranged Weapons
 40607 | Vaults:3 | Found a staircase to the Crypt.
 41427 | Vaults:4 | Noticed a golden dragon
 41432 | Vaults:4 | Killed a golden dragon
 42546 | Vaults:4 | Found Guagh's Distillery.
 42554 | Vaults:4 | Bought 2 potions of heal wounds for 150 gold pieces
 42554 | Vaults:4 | Bought a potion of mutation for 120 gold pieces
 42843 | Depths:1 | Entered Level 1 of the Depths
 42989 | Depths:1 | Found a white marble altar of Elyvilon.
 43111 | Depths:1 | Reached XP level 24. HP: 198/198 MP: 30/30
 43173 | Depths:1 | Found a gateway to Hell.
 43629 | Depths:1 | Found Wottoel's Book Shoppe.
 43630 | Depths:1 | Found Lideg's Jewellery Shop.
 43631 | Depths:1 | Found Ewiufiy's Book Shoppe.
 43933 | Depths:2 | Noticed a juggernaut
 43943 | Depths:1 | Killed a juggernaut
 44929 | Depths:2 | Found a one-way gateway to a ziggurat.
 44972 | Depths:2 | Got the Compilation of the Excruciating Faeries
 45389 | Depths:2 | Found a one-way gate leading to the halls of Pandemonium.
 46639 | Depths:3 | Found a burning altar of Makhleb.
 46693 | Depths:3 | Found a one-way gate to the infinite horrors of the Abyss.
 46900 | Depths:3 | Noticed Jory
 46919 | Depths:3 | Killed Jory
 47309 | Depths:4 | Entered Level 4 of the Depths
 47429 | Depths:4 | Found a corrupted altar of Lugonu.
 47563 | Depths:4 | Noticed Mennas
 47569 | Depths:4 | Killed Mennas
 47806 | Depths:4 | Found a shimmering altar of Xom.
 47808 | Depths:4 | Identified the orb of Prudence {*channel, Regen+}
 47808 | Depths:4 | Noticed Frederick
 47814 | Depths:4 | Killed Frederick
 48038 | Depths:4 | Reached XP level 25. HP: 141/207 MP: 30/30
 48192 | Depths:4 | Found Xucwim's Armour Boutique.
 48192 | Depths:4 | Found Onotim's Magic Scroll Shop.
 48193 | Depths:4 | Found Willaop's Distillery.
 48197 | Depths:4 | Found Jekaif's Armour Shop.
 48209 | Depths:4 | Bought a potion of resistance for 210 gold pieces
 48209 | Depths:4 | Bought a potion of heal wounds for 105 gold pieces
 48209 | Depths:4 | Bought a potion of cancellation for 168 gold pieces
 48209 | Depths:4 | Bought 2 potions of cancellation for 336 gold pieces
 49189 | Depths:4 | Found a gate to the Realm of Zot.
 49728 | Elf:3    | Entered Level 3 of the Elven Halls
 49972 | Elf:3    | Noticed Louise
 50211 | Elf:3    | Found a hide-covered altar of Uskayaw.
 50212 | Elf:3    | Found a runed translucent door.
 50227 | Elf:3    | Killed Louise
 50480 | Elf:3    | Reached skill level 27 in Fighting
 50737 | Elf:3    | Identified the ring of Lecral {Wiz rF+ rN+ Str+3}
 50747 | Elf:3    | Identified the +4 spear of the Hurling Hawk {freeze, rF+
                  | rN+ Str+3 Stlth-}
 50752 | Elf:3    | Identified the +1 robe "Muemaexa" {Harm}
 50763 | Elf:3    | Identified the +7 trident "Jeovvomul" {venom, rElec Will+
                  | Dex+2}
 50771 | Elf:3    | Identified the +1 leather armour of the Shore {rPois}
 50849 | Elf:3    | Got Xumotzir's Incunabulum of Destiny
 50866 | Elf:3    | Identified the staff "Giste" {rN++ MP+9 Str-4 Conj}
 51327 | Slime:1  | Entered Level 1 of the Pits of Slime
 51405 | Slime:1  | Gained mutation: You occasionally lose the ability to read
                  | scrolls when taking damage. [a shining eye]
 51422 | Slime:1  | Lost mutation: You occasionally lose the ability to read
                  | scrolls when taking damage. [potion of mutation]
 51422 | Slime:1  | Gained mutation: You have a pair of small antennae on your
                  | head. [potion of mutation]
 51422 | Slime:1  | Gained mutation: You are frail. (-10% HP) [potion of
                  | mutation]
 51423 | Slime:1  | Lost mutation: You have a pair of small antennae on your
                  | head. [potion of mutation]
 51423 | Slime:1  | Lost mutation: You are frail. (-10% HP) [potion of
                  | mutation]
 51423 | Slime:1  | Gained mutation: You are partially covered in large bone
                  | plates. (SH +4) [potion of mutation]
 51505 | Slime:1  | Reached XP level 26. HP: 217/217 MP: 30/30
 51809 | Slime:2  | Noticed Dissolution
 51815 | Slime:1  | Killed Dissolution
 53900 | Slime:5  | Entered Level 5 of the Pits of Slime
 54228 | Slime:5  | Found a viscous altar of Jiyva.
 54229 | Slime:5  | Noticed the Royal Jelly
 54698 | Vaults:1 | Bought a scroll of immolation for 80 gold pieces
 54698 | Vaults:1 | Bought a scroll of poison for 80 gold pieces
 54698 | Vaults:1 | Bought a scroll of brand weapon for 190 gold pieces
 54698 | Vaults:1 | Bought 2 scrolls of teleportation for 120 gold pieces
 54984 | Depths:4 | Bought a scroll of teleportation for 45 gold pieces
 54984 | Depths:4 | Bought a scroll of immolation for 60 gold pieces
 54984 | Depths:4 | Bought a scroll of teleportation for 45 gold pieces
 54984 | Depths:4 | Bought a scroll of teleportation for 45 gold pieces
 55434 | Slime:5  | Killed the Royal Jelly
 55761 | Slime:5  | Identified the +1 lajatang of Eternal Harmony {heavy, rPois
                  | Int+5}
 55778 | Slime:5  | Got a slimy rune of Zot
 55802 | Slime:5  | Identified the +0 demon blade "Rutin" {venom, rPois Will++
                  | rCorr}
 55806 | Slime:5  | Identified the +6 mace of Inference {speed, rElec rN++}
 55808 | Slime:5  | Got the Secrets of Displaced Frost
 55835 | Slime:5  | Paralysed by a formless jellyfish for 1 turns
 56100 | Slime:5  | Found the +9 sword of Zonguldrok {reap}
 56122 | Slime:5  | Identified the +9 trident of the Inferno {elec, rElec rN+
                  | Int+2}
 57245 | Depths:3 | Voluntarily entered the Abyss.
 57254 | Abyss:1  | Found a corrupted altar of Lugonu.
 57370 | Abyss:1  | Found a corrupted altar of Lugonu.
 57816 | Abyss:3  | Found a corrupted altar of Lugonu.
 57899 | Abyss:3  | Reached skill level 1 in Armour
 57960 | Abyss:3  | Found a sacrificial altar of Ru.
 57962 | Abyss:3  | Found a sacrificial altar of Ru.
 57963 | Abyss:3  | Found a sacrificial altar of Ru.
 58109 | Abyss:3  | Reached XP level 27. HP: 117/224 MP: 30/30
 58195 | Abyss:3  | Reached skill level 5 in Armour
 58231 | Abyss:3  | Identified the +3 scale mail "Uso Ury" {+Blink rN+ Will-
                  | Str+2}
 58377 | Abyss:3  | Reached ****** piety under Hepliaklqana
 58458 | Abyss:3  | Found a corrupted altar of Lugonu.
 58539 | Abyss:3  | Got an abyssal rune of Zot
 58780 | Depths:3 | Escaped the Abyss
 59100 | Vaults:1 | You showed the abyssal rune of Zot to enter a treasure
                  | trove
 59101 | Trove    | Entered a treasure trove
 59133 | Trove    | Identified the +5 plate armour of Good Intentions {rF+
                  | Will++ MP+9 Stlth-}
 59135 | Trove    | Identified the +0 pair of boots "Caimuh" {Harm Str-2 Int+2}
 59270 | Crypt:1  | Entered Level 1 of the Crypt
 59473 | Crypt:1  | Reached skill level 10 in Armour
 60422 | Crypt:2  | Identified the +5 rapier of the Hugging Owl {flame, rF+}
 60809 | Crypt:2  | Identified the +4 whip of Enic {freeze, Fly Will+++ Str+2
                  | Dex-3}
 61523 | Crypt:3  | Entered Level 3 of the Crypt
 61715 | Crypt:3  | Found an ancient bone altar of Kikubaaqudgha.
 61715 | Crypt:3  | Noticed an ancient lich
 61721 | Crypt:3  | Killed an ancient lich
 61764 | Crypt:3  | Identified the +1 robe of Life {+Blink rC+}
 61775 | Crypt:3  | Identified the +7 rapier of Arrival {protect, +Blink rC-
                  | Str+2 Dex+2}
 61950 | Crypt:3  | Acquired the +2 pair of boots "Xuroysyr" {rPois Str+4}
 62128 | Crypt:3  | Identified the staff of the Big Bang {rPois rN+ Str+4 Dex-5
                  | Necro}
 62283 | Crypt:3  | Found a staircase to the Tomb.
 62784 | Vaults:5 | Entered Level 5 of the Vaults
 63370 | Vaults:5 | Reached skill level 15 in Armour
 63411 | Vaults:5 | Noticed an ancient lich
 63416 | Vaults:5 | Killed an ancient lich
 63417 | Vaults:5 | Identified the +8 great sword of the Inquisitive Seers
                  | {freeze, rPois Will+ Int+2}
 63859 | Vaults:5 | Got the Compendium of Chilling Clouds
 63862 | Vaults:5 | Got a silver rune of Zot
 63869 | Vaults:5 | Got Moeloll's Foundations of Witchcraft
 63924 | Vaults:5 | Noticed Xtahua
 63934 | Vaults:5 | Killed Xtahua
 64061 | Vaults:5 | Identified the +0 hand axe of Winter {flame, rN+ Will+
                  | Dex+2}
 64066 | Vaults:5 | Identified the amulet of the Lich-sworn {Spirit *Corrode
                  | rF+ rC+++ Dex+3}
 64068 | Vaults:5 | Identified the +9 shortbow of the Puffball {freeze, Int+2
                  | Dex+4}
 64068 | Vaults:5 | Identified the ring of Lust {rElec rN+ Will+ Slay-4}
 64247 | Vaults:5 | Noticed an ancient lich
 64248 | Vaults:5 | Identified the ring "Qeymn" {Fly rElec rF+}
 64256 | Vaults:5 | Killed an ancient lich
 64365 | Vaults:5 | Identified the staff of Zealous Tortfeasance {rPois Str-3
                  | Dex+3 Fire Alchemy}
 64386 | Vaults:5 | Identified the staff "Catz" {rPois rC++ Will+ Alchemy}
 64584 | Vaults:5 | Identified the +0 shortbow "Kuvyelied" {drain, Str+2}
 65112 | Zot:1    | Entered Level 1 of the Realm of Zot
 65563 | Zot:1    | Identified the +6 chain mail "Jugisusk" {rPois Stlth+}
 66904 | Zot:2    | Identified the +0 pair of boots of the Teacher {rF+}
 67260 | Zot:3    | Reached skill level 27 in Dodging
 68631 | Zot:5    | Entered Level 5 of the Realm of Zot
 69361 | Zot:5    | Noticed an orb of fire
 69569 | Zot:5    | Noticed a dread lich
 69572 | Zot:5    | Killed a dread lich
 69905 | Zot:5    | Noticed a dread lich
 69909 | Zot:5    | Killed a dread lich
 70030 | Zot:5    | Noticed a dread lich
 70030 | Zot:5    | Noticed an ancient lich
 70038 | Zot:5    | Killed a dread lich
 70039 | Zot:5    | Killed an ancient lich
 70043 | Zot:5    | Noticed an orb of fire
 70050 | Zot:5    | Gained mutation: You sometimes lose your temper in combat.
                  | [an orb of fire]
 70056 | Zot:5    | Killed an orb of fire
 70267 | Zot:5    | Noticed a dread lich
 70272 | Zot:5    | Killed a dread lich
 70298 | Zot:5    | Noticed an ancient lich
 70302 | Zot:5    | Killed an ancient lich
 70664 | Hell     | Entered the Vestibule of Hell
 70664 | Hell     | Noticed Geryon
 70677 | Hell     | Killed Geryon
 71241 | Hell     | Found a gateway to the ashen valley of Gehenna.
 71794 | Hell     | Found a gateway to the decaying netherworld of Tartarus.
 71898 | Hell     | Found a gateway to the freezing wastes of Cocytus.
 72288 | Hell     | Found a gateway to the Iron City of Dis.
 72400 | Pan      | Entered Pandemonium
 73160 | Pan      | Found a transporter.
 73296 | Pan      | Found a transporter.
 74118 | Pan      | Noticed Ricen the pandemonium lord
 74123 | Pan      | Killed Ricen the pandemonium lord
 74866 | Pan      | Got the Papyrus of the Retinue and Ill Luck
 74876 | Pan      | Got a demonic rune of Zot
 74938 | Pan      | Reached skill level 27 in Evocations
 75560 | Pan      | Noticed Ignacio
 75565 | Pan      | Killed Ignacio
 76416 | Pan      | Found an exit through the horrors of the Abyss.
 76459 | Pan      | Took an exit into the Abyss.
 76459 | Abyss:3  | Escaped into the Abyss
 76566 | Abyss:3  | Reached skill level 15 in Invocations
 76685 | Depths:2 | Escaped the Abyss
 76893 | Zot:5    | Gained mutation: You are vulnerable to heat. (rF-) [an orb
                  | of fire]
 76898 | Zot:5    | Killed an orb of fire
 77070 | Zot:5    | Got the Orb of Zot
 77599 | D:15     | Noticed Ykuytego the pandemonium lord
 77656 | D:12     | Gained mutation: You are resistant to electric shocks.
                  | (rElec) [a cacodemon]
 77714 | D:10     | Noticed Jemoed the pandemonium lord
 77719 | D:10     | Killed Jemoed the pandemonium lord
 78307 | D:$      | Escaped with the Orb!

Illustrated notes

Levels and vault maps discovered:
D:1:      dpeg_arrival_renting, layout_basic, amcnicky_mini_rare_corridor_liquid
D:2:      layout_rooms, hellmonk_ecumenical_altar_crossroads, uniq_natasha,
          uniq_terence
D:3:      layout_loops_ring, mainiacjoe_sewer_entry_somewhere_in_here_1,
          corexii_leaking_fountain, lightli_corner_chamber
D:4:      layout_basic, lemuel_tele_altar, nicolae_tso_swordbearing_angel,
          item_on_display_a, uniq_eustachio, uniq_sigmund
D:5:      layout_loops_ring, nicolae_uskayaw_suspiria
D:6:      hellmonk_destroyed_diamonds, layout_loops_ring,
          mainiacjoe_overflow_alcove_4, nicolae_kikubaaqudgha_miasma_corner,
          minmay_temple_entry_statues, serial_shops, nicolae_square_shop,
          uniq_maggie
D:7:      layout_gridville, vehumet_statue, enter_bailey_4, uniq_jeremiah
D:8:      minmay_imperfect_grid, layout_loops_ring, serial_shops, shop
D:9:      layout_cross, led_sif_book, grunt_temple_overflow_open,
          gammafunk_ghost_spectres
D:10:     layout_roguey, overflow_temple_1_default, zombieorc2_lemuel
D:11:     layout_stronghold, ploomutoo_gammafunk_ghost_potion_laboratory,
          grunt_ministairs_4, uniq_amaemon, uniq_grum, uniq_erica,
          uniq_josephine
D:12:     layout_irregular_city
D:13:     layout_cave_pods, grunt_vaults_entry_tiered
D:14:     layout_basic, nicolae_qazlal_eye_of_the_storm,
          nicolae_hepliaklqana_monster_ancestors
D:15:     hellmonk_depths_entry_around_the_bend, layout_basic, serial_glass,
          glass_columns_a, glass_columns_b, nzn_wu_jian_contemplation,
          fedhas_altar_1, uniq_azrael, uniq_kirke, uniq_agnes
Temple:   corrupted_temple
Lair:1:   wander_river, layout_misc_corridors, lemuel_fruit_tree
Lair:2:   cheibrodos_lair_river_kwai, layout_cave_pods, minmay_holes,
          nicolae_lair_liquid_snakes
Lair:3:   layout_cave_pods, elwin_shoals_entry_rooms, spider_nest_entry_a,
          uniq_nergalle
Lair:4:   layout_loops_ring, nicolae_slime_entry_slimehenge,
          hangedman_lair_unloving_vines
Lair:5:   minmay_lair_end_frog_pond, layout_layer_cave, minmay_hedge_maze,
          grunt_forest_large_clearing_hut, infiniplex_staircase_pool_2
Shoals:1: layout_shoals, serial_shops, nicolae_shop_back_alley_shop,
          overgrown_hall
Shoals:2: layout_shoals
Shoals:3: dreamdust_from_the_deep, layout_shoals, serial_shops, shop
Shoals:4: shoals_end_simple, layout_shoals
Spider:1: layout_spider_delve, ebering_ghost_disaster_area, uniq_roxanne
Spider:2: layout_spider_delve
Spider:3: layout_spider_delve, drop_trap
Spider:4: grunt_spider_rune_parallel, guppyfry_hornet_nest
Slime:1:  layout_caves
Slime:2:  layout_caves, dissolution_awaits
Slime:3:  layout_caves
Slime:4:  layout_caves
Slime:5:  slime_pit_nicolae_block_by_block
Orc:1:    gammafunk_beogh_shrine, layout_caves, serial_shops,
          nicolae_shop_tiny_glass, basic_altar, blackcustard_rock_pile
Orc:2:    st_orc_pillars, layout_diamond_mine
Elf:1:    layout_geoelf_octagon, serial_shops,
          nicolae_shop_tiny_real_fake_doors, portal_ice_cave_entry_pillars_2,
          guppyfry_library_mini, minmay_crystal_room, minmay_misc_feat_alley
Elf:2:    nicolae_elf_blades_crystal_corner, layout_geoelf_grid, serial_shops,
          shop, mu_enter_wizlab_4, minmay_elf_demonology
Elf:3:    minmay_elf_hall_circle, layout_geoelf_castle, nicolae_danse_macabre,
          uniq_louise
Vaults:1: vaults_room_boxed, nicolae_vaults_shelves_hall, v_alt_pattern_2,
          ontoclasm_vaults_decontamination, nicolae_vaults_ninety_degrees,
          dpeg_vaults_monster_box, vaults_room_hallway, layout_vaults_omnigrid,
          nicolae_trove_entry_crossroad, serial_shops, shop, uniq_nikola
Vaults:2: nicolae_vaults_taking_the_gang_shopping, serial_ice_h,
          nicolae_vaults_ring_of_whatevers, nicolae_vaults_more_shelving_2,
          vaults_mumra_chevron_long, hangedman_vaults_locks, vaults_dpeg_cross,
          hangedman_vaults_pinch, vaults_standard_mumra_x,
          ontoclasm_vaults_ring_square, nicolae_vaults_wrenched,
          nicolae_vaults_tetromino_T_2, vaults_dpeg_spiral,
          nicolae_vaults_offset_grid_hallway_2, nicolae_vaults_trapezoid_4,
          v_misc_24, st_smaller_cells, ontoclasm_vaults_ring_small,
          layout_vaults_omnibox, uniq_aizul
Vaults:3: minmay_crypt_entry_simple_walls, v_misc_5, nicolae_vaults_heist,
          nicolae_vaults_closet_pinwheel_6, nicolae_vaults_hallways_thing,
          nicolae_vaults_security_offices_5, dpeg_vaults_monster_row,
          hangedman_vaults_hat, vaults_standard_mumra_enter_the_diamond,
          ontoclasm_vaults_ring_square, vaults_dpeg_hooks, vaults_mumra_chevron,
          vaults_dpeg_ring, ontoclasm_vaults_idyll, layout_vaults_ring,
          serial_shops, shop
Vaults:4: ontoclasm_vaults_shout, vaults_mumra_hex, hangedman_vaults_stream,
          vaults_mumra_hexcomb, nicolae_vaults_door_testing_chamber,
          nicolae_vaults_wine_cellar, vaults_room_grid,
          nicolae_vaults_stepped_doors, nicolae_vaults_theta,
          ontoclasm_vaults_twist, nicolae_vaults_diagonal_hallway_7,
          nicolae_vaults_theta, nicolae_vaults_little_squares_2,
          layout_vaults_big_room, serial_shops, shop
Vaults:5: uniq_margery, uniq_xtahua
Crypt:1:  layout_rooms, grunt_megastairs_1, grunt_crypt_arrival_webbed
Crypt:2:  nicolae_crypt_knochenhaus, layout_gridlike
Crypt:3:  cryptofortress_bobbens
Depths:1: layout_gridlike, elyvilon_altar_3, pf_vacation_house_of_asmodeus,
          nicolae_kite_square_tiling_tiny, minivault_1, chequers_jeans,
          minmay_shop_grove
Depths:2: evilmike_hourglass, layout_honeycomb, enter_ziggurat_f,
          hangedman_abyss_or_decor_lesser_grid, grunt_metal_band,
          rand_demon_pan_entry_7, hangedman_decor_points
Depths:3: kennysheep_ambush_hall, layout_basic, old_standard_altar, abyss_entry,
          serial_bayou, serial_bayou_crossing, serial_bayou_lake_a,
          serial_bayou_pond_d, serial_bayou_pond_c, serial_bayou_pond_e,
          hangedman_coc_ice_floe, uniq_jory
Depths:4: lemuel_castle_with_subvaults [lemuel_castle_interior_original],
          layout_gridville, xom_redecorated, hell_entry,
          abyss_entry_flame_altar, minmay_shoptagon, uniq_mennas, uniq_frederick
Hell
Zot:1:    layout_concentric_octagons, regret_index_zotdec_wing_it,
          uniq_josephina
Zot:2:    layout_twisted_circle, regret_index_zotdec_dark_gr, grunt_megastairs_4
Zot:3:    layout_misc_corridors, regret_index_zotdec_banners
Zot:4:    layout_concentric_octagons
Zot:5:    layout_twisted_circle, grunt_ministairs_13

Skill      XL: |  1  2  3  4  5  6  7  8  9 10 11 12 13 14 15 16 17 18 19 20 21 22 23 24 25 26 27 |
---------------+----------------------------------------------------------------------------------+-----
Ranged Weapons | 4 5 6 7 8 11 13 14 16 18 | 18.0
Dodging        | 4 6 8 10 11 12 14 15 16 17 18 19 21 24 27 | 27.0
Fighting       | 6 10 12 15 16 18 20 21 22 23 24 25 27 | 27.0
Invocations    | 5 8 10 16 | 16.3
Evocations     | 7 13 17 19 27 | 27.0
Armour         | 4 18 | 18.4
Stealth        | |  0.7

Action                     |  1- 3 |  4- 6 |  7- 9 | 10-12 | 13-15 | 16-18 | 19-21 | 22-24 | 25-27 || total
---------------------------+-------+-------+-------+-------+-------+-------+-------+-------+-------++-------
   Fire: Sling             |    90 |   252 |   482 |  1500 |  1398 |  2516 |  1736 |  1455 |   272 ||  9701
         Hand cannon       |       |       |       |       |       |       |       |   803 |  4850 ||  5653
 Invoke: Ancestor Identity |       |       |       |     1 |       |       |       |     1 |       ||     2
         Ancestor Life: Ba |       |       |       |     1 |       |       |       |       |       ||     1
         Idealise          |       |       |       |       |     4 |    12 |     6 |    13 |    27 ||    62
         Recall Ancestor   |       |       |       |       |     2 |     3 |     2 |     7 |    19 ||    33
         Transference      |       |       |       |       |       |       |       |     1 |     1 ||     2
Ability: Invent Gizmo      |       |       |       |       |     1 |       |       |       |       ||     1
  Evoke: Wand              |       |       |       |       |       |       |       |     2 |     1 ||     3
         Phantom mirror    |       |       |       |       |       |       |       |       |     1 ||     1
    Use: Scroll            |       |     6 |    13 |    12 |     5 |    12 |     7 |    10 |    21 ||    86
         Potion            |       |       |       |     3 |     1 |     5 |     6 |     3 |    24 ||    42
 Armour: Leather armour    |       |     8 |    22 |       |       |       |       |       |       ||    30
         Steam dragon scal |       |       |    24 |    54 |       |       |       |       |       ||    78
         Troll leather arm |       |       |       |    70 |    61 |   199 |       |       |       ||   330
         Ring mail         |       |       |       |       |       |    27 |   162 |   179 |   333 ||   701
         Skin              |       |       |       |       |       |     3 |       |       |       ||     3
  Dodge: Dodged            |       |     7 |    34 |   119 |   133 |   327 |   353 |   285 |   783 ||  2041
         Repelled          |       |       |       |       |     4 |    23 |    39 |    39 |    92 ||   197
  Block: Other             |       |       |       |       |       |       |       |       |    72 ||    72

Table legend: (Time is in decaauts)
 A = Elapsed time spent in this place.
 B = Non-inter-level travel time spent in this place.
 C = Inter-level travel time spent in this place.
 D = Time resting spent in this place.
 E = Time spent auto-exploring this place.
 F = Levels seen in this place.
 G = Mean time per level.
                   A        B        C        D        E       F      G
               +--------+--------+--------+--------+--------+-----+--------+
         Total |  78285 |  68356 |   9929 |   7345 |  48220 |  69 | 1134.6 |
       Dungeon |  16984 |  13316 |   3668 |   1291 |   9883 |  15 | 1132.3 |
        Temple |      1 |      1 |      0 |      0 |      0 |   1 |    1.0 |
          Lair |   5716 |   4586 |   1130 |    220 |   3747 |   5 | 1143.2 |
        Shoals |   3949 |   3568 |    381 |    192 |   2636 |   4 |  987.2 |
   Spider Nest |   4514 |   4222 |    292 |    773 |   2617 |   4 | 1128.5 |
    Slime Pits |   4523 |   3951 |    572 |    779 |   2624 |   5 |  904.6 |
  Orcish Mines |   1381 |   1071 |    310 |     68 |    699 |   2 |  690.5 |
   Elven Halls |   3739 |   3362 |    377 |    218 |   2564 |   3 | 1246.3 |
        Vaults |   9996 |   9004 |    992 |    870 |   6558 |   5 | 1999.2 |
         Crypt |   3437 |   3219 |    218 |    231 |   2138 |   3 | 1145.7 |
        Depths |   7765 |   6627 |   1138 |   1348 |   4434 |   4 | 1941.2 |
          Hell |   1404 |   1383 |     21 |     30 |   1105 |   1 | 1404.0 |
           Zot |   6078 |   5251 |    827 |   1022 |   3472 |   5 | 1215.6 |
         Abyss |   1816 |   1816 |      0 |     82 |    148 |   4 |  454.0 |
   Pandemonium |   4075 |   4075 |      0 |     95 |   3482 |   3 | 1358.3 |
         Trove |     83 |     83 |      0 |      0 |     69 |   1 |   83.0 |
         Sewer |    217 |    217 |      0 |      0 |    145 |   1 |  217.0 |
        Bailey |    369 |    369 |      0 |     32 |     75 |   1 |  369.0 |
      Ice Cave |   1157 |   1157 |      0 |     18 |    960 |   1 | 1157.0 |
        Wizlab |   1072 |   1072 |      0 |     73 |    858 |   1 | 1072.0 |
               +--------+--------+--------+--------+--------+-----+--------+

Top non-repeatable levels by time:
Vaults:1: 2603 daAuts
Depths:4: 2573 daAuts
Vaults:3: 2180 daAuts
     D:8: 2036 daAuts
Depths:2: 2033 daAuts
   Zot:5: 2028 daAuts
Depths:1: 2012 daAuts
Vaults:4: 1861 daAuts
Vaults:2: 1696 daAuts
Vaults:5: 1656 daAuts
 Slime:5: 1594 daAuts
    D:15: 1546 daAuts
   Elf:2: 1502 daAuts
 Crypt:2: 1477 daAuts
  Lair:2: 1442 daAuts
